 Dungeon Sprint DCSS version 0.31-a0-466-g98c9adc2b6 (webtiles) character file.

Game seed: 8535463154645808962

1831 dialectric the Basher (level 9, -5/62 HPs)
             Began as a Gargoyle Fighter on Aug 5, 2023.
             Was a Follower of Trog.
             Killed from afar by a crystal guardian (23 damage)
             ... with a crystal bolt
             ... in the Dungeon (Sprint II: "The Violet Keep of Menkaure").
             The game lasted 00:03:53 (391 turns).

dialectric the Basher (Gargoyle Fighter)             Turns: 391, Time: 00:03:54

Health: -5/62      AC: 22    Str: 21    XL:     9   Next: 11%
Magic:  9/9        EV:  9    Int: 13    God:    Trog [*.....]
Gold:   265        SH:  5    Dex: 11    Spells: 8/8 levels left

rFire   . . .        b - +3 mace
rCold   . . .        c - +0 buckler
rNeg    + . .        d - +1 chain mail of Okegim {Regen+ Int+3}
rPois   ∞            k - +0 helmet
rElec   +            (no cloak)
rCorr   .            (no gloves)
SInv    .            l - +0 pair of boots
Will    .....        (no amulet) Stlth
                     (no ring)
HPRegen 1.10/turn    (no ring)
MPRegen 0.11/turn

%: no teleportation
@: on berserk cooldown
A: sickness immunity, AC +6, negative energy resistance 1, electricity
resistance, torment resistance 1, petrification resistance
a: Renounce Religion, Berserk


You were in the Dungeon.
You worshipped Trog.
Trog was aware of your devotion.
You visited 1 branch You collected 985 gold pieces.
You spent 720 gold pieces at shops.

Inventory:

Hand Weapons
 a - a +0 flail
 b - a +3 mace (weapon)
Armour
 c - a +0 buckler (worn)
 d - the +1 chain mail of Okegim (worn) {Regen+ Int+3}
   (You bought it in a shop in the Dungeon)

   Int:       It affects your intelligence (+3).
   Regen:     It increases your rate of health regeneration.
 k - a +0 helmet (worn)
 l - a +0 pair of boots (worn)
Scrolls
 j - a scroll of blinking
Potions
 e - a potion of curing
 f - a potion of heal wounds
 g - a potion of haste
 h - 2 potions of magic
 i - a potion of berserk rage
 m - a potion of invisibility
 n - a potion of might


   Skills:
 + Level 10.1 Fighting
 + Level 14.4 Maces & Flails
 + Level 10.5 Armour
 + Level 2.3 Dodging
 + Level 6.3 Shields


You had 8 spell levels left.
You didn't know any spells.
Your spell library was empty.

Dungeon Overview and Level Annotations

Branches:
Dungeon (1/1)

Altars:
Cheibriados
Dithmenos
Elyvilon
Fedhas
Gozag
Hepliaklqana
Kikubaaqudgha
Makhleb
Nemelex Xobeh
Okawaru
Qazlal
Ru
Sif Muna
Trog
Uskayaw
Vehumet
Wu Jian
Xom
Yredelemnul
Zin
The Shining One
Jiyva
Lugonu

Shops:
D !::[?[!*[[[(*==

Annotations:
D exclusion: oklob plant, Roxanne


Innate Abilities, Weirdness & Mutations

You are immune to sickness and miasma.
Your stone body is resilient. (AC +6)
You are immune to poison.
You resist negative energy. (rN+)
You are resistant to electric shocks. (rElec)
You are resistant to unholy torment.
You are immune to petrification.


Message History

You kill the swamp drake!
Trog accepts your kill.
Things that are here:
a +0 spear; a swamp drake corpse You feel a strong urge to attack something.
You slam the door shut with a bang!
You are no longer berserk.
You are exhausted.
You feel yourself slow down.
Things that are here:
a +0 spear; a swamp drake corpse
Things that are here:
a +0 spear; a swamp drake corpse You open the door.
There is an open door here.
Really walk into a travel-excluded area?
You are engulfed in a cloud of scalding steam.
You see here a water moccasin skeleton.
You enter the shallow water.
Moving in this stuff is going to be slow.
You enter the shallow water.
Moving in this stuff is going to be slow.
A death drake comes into view.
The crystal guardian fires a crystalline bolt at you.
The crystal bolt burns you!!
Really walk into a travel-excluded area? [Y]es or [N]o only, please.
Really walk into a travel-excluded area?
Okay, then.
Really walk into a travel-excluded area?
You see here a water moccasin skeleton.
The crystal guardian fires a crystalline bolt at you.
The crystal bolt freezes you!!
Ouch! That really hurt!
* * * LOW HITPOINT WARNING * * *
You feel yourself speed up.
There is an open door here.
The crystal guardian fires a crystalline bolt at you.
The crystal bolt freezes you!!
You die...

#####~~#+++#+++##
####~~~.........#
..∩#~~~~.##'##..# #. .
.∩.#~~~~###.###.#### .##k
∩.∩#~~~~#..#..#....# ...#
...#~~####.#.####..## #.9# ((
∩..#~##.###'###.##..# +^.# ▓))
...#~#...##.##.).#..# #..# #▓!:
[..'~'##.÷.<.'.#@'.9####^.##.#▓:!
...#~#...##.##†..#....###...##▓▓▓
▓###~##.###÷###.##.....÷~~~~~~~~~
####~~####.#.####~§...§.~#'######
##~~~#.###.#~~~§~~~..~#_._._.. .
#'#~##.#.##~~§~~~~§§~#._._._. #
#.#~~##'##~~§≈≈§~~~§~#_._._._
####~~~~~~~§~~≈§§≈§~§#._._._.
#+++#+++#~≈≈§≈≈§§~#.._._._


You could see a crystal guardian.

Vanquished Creatures
  A death drake (D)
  A merfolk siren (D)
  2 wyverns (D)
  Menkaure (D)
  A water moccasin (D)
  A swamp drake (D)
  5 scorpions (D)
  4 necrophages (D)
16 creatures vanquished.

Notes
Turn   | Place    | Note
-------+----------+-------------------------------------------
     0 | D        | dialectric the Gargoyle Fighter began the quest for the
                  | Orb.
     0 | D        | Reached XP level 1. HP: 14/14 MP: 1/1
     1 | D        | Noticed a necrophage
     1 | D        | Noticed a necrophage
     1 | D        | Noticed a necrophage
     1 | D        | Noticed a necrophage
     8 | D        | Killed a necrophage
     9 | D        | Reached skill level 5 in Fighting
     9 | D        | Reached skill level 3 in Maces & Flails
     9 | D        | Reached skill level 5 in Armour
     9 | D        | Reached skill level 5 in Shields
     9 | D        | Reached XP level 2. HP: 14/21 MP: 2/2
     9 | D        | Reached XP level 3. HP: 17/26 MP: 3/3
     9 | D        | Reached XP level 4. HP: 20/31 MP: 4/4
    14 | D        | Killed a necrophage
    15 | D        | Reached skill level 4 in Maces & Flails
    15 | D        | Reached XP level 5. HP: 23/37 MP: 5/5
    21 | D        | Reached skill level 5 in Maces & Flails
    26 | D        | Reached skill level 6 in Maces & Flails
    26 | D        | Reached XP level 6. HP: 29/44 MP: 6/6
    28 | D        | Noticed a merfolk siren
    37 | D        | Killed a merfolk siren
    38 | D        | Reached skill level 9 in Maces & Flails
    38 | D        | Reached XP level 7. HP: 38/51 MP: 7/7
    44 | D        | Reached skill level 10 in Maces & Flails
    52 | D        | Reached skill level 1 in Dodging
    55 | D        | Reached skill level 11 in Maces & Flails
    59 | D        | Noticed a wyvern
    59 | D        | Noticed a wyvern
    65 | D        | Killed a wyvern
    66 | D        | Reached skill level 10 in Fighting
    66 | D        | Reached XP level 8. HP: 41/57 MP: 8/8
    74 | D        | Killed a wyvern
    75 | D        | Reached skill level 12 in Maces & Flails
    89 | D        | Found an iron altar of Okawaru.
    89 | D        | Found an opulent altar of Gozag.
    90 | D        | Found a sparkling altar of Nemelex Xobeh.
    90 | D        | Found a blossoming altar of Fedhas.
    91 | D        | Found a radiant altar of Vehumet.
    91 | D        | Found a burning altar of Makhleb.
    91 | D        | Found a white marble altar of Elyvilon.
    92 | D        | Found a hide-covered altar of Uskayaw.
    92 | D        | Found a corrupted altar of Lugonu.
    92 | D        | Found a shadowy altar of Dithmenos.
    93 | D        | Found a glowing silver altar of Zin.
    93 | D        | Found a bloodstained altar of Trog.
    93 | D        | Found an ancient bone altar of Kikubaaqudgha.
    94 | D        | Found a basalt altar of Yredelemnul.
    94 | D        | Found a shimmering blue altar of Sif Muna.
    94 | D        | Found a viscous altar of Jiyva.
    96 | D        | Found a shimmering altar of Xom.
    96 | D        | Found a sacrificial altar of Ru.
    98 | D        | Found a glowing golden altar of the Shining One.
    98 | D        | Found an ornate altar of the Wu Jian Council.
    98 | D        | Found a stormy altar of Qazlal.
    98 | D        | Found a snail-covered altar of Cheibriados.
    98 | D        | Found a hazy altar of Hepliaklqana.
   103 | D        | Became a worshipper of Trog the Wrathful
   134 | D        | Noticed Roxanne
   146 | D        | Found Veuf's Antique Weapon Emporium.
   146 | D        | Found Ustrom's Armour Shoppe.
   146 | D        | Found Giese's Jewellery Emporium.
   146 | D        | Found Abaedorph's Antique Armour Shoppe.
   146 | D        | Found Pihopu's General Store.
   146 | D        | Found Opnaej's Jewellery Shoppe.
   147 | D        | Found Muaser's Antique Armour Emporium.
   147 | D        | Found Ujiecarinume's General Store.
   148 | D        | Found Atwymici's Distillery.
   148 | D        | Found Risigim's Antique Armour Emporium.
   150 | D        | Found Nalej's Magic Scroll Emporium.
   150 | D        | Found Vufogepn's Armour Shoppe.
   150 | D        | Noticed Menkaure
   150 | D        | Noticed an oklob plant
   151 | D        | Found Touneo's Book Shoppe.
   151 | D        | Found Eguck's Distillery.
   151 | D        | Found Nepnil's Book Shoppe.
   167 | D        | Killed Menkaure
   227 | D        | Noticed a wyvern
   228 | D        | Noticed an iron elemental
   229 | D        | Noticed a wyvern
   233 | D        | Bought a slimy chain mail for 294 gold pieces
   233 | D        | Identified the +1 chain mail of Okegim {Regen+ Int+3} (You
                  | bought it in a shop in the Dungeon)
   244 | D        | Bought a +0 helmet for 54 gold pieces
   244 | D        | Bought a +0 pair of boots for 54 gold pieces
   257 | D        | Bought a potion of invisibility for 112 gold pieces
   257 | D        | Bought a potion of might for 56 gold pieces
   266 | D        | Bought a runed mace for 150 gold pieces
   296 | D        | Reached * piety under Trog
   297 | D        | Reached skill level 10 in Armour
   337 | D        | Noticed a crystal guardian
   337 | D        | Noticed a death drake
   362 | D        | Killed a death drake
   363 | D        | Reached skill level 14 in Maces & Flails
   363 | D        | Reached XP level 9. HP: 62/62 MP: 9/9
   383 | D        | Noticed a death drake
   391 | D        | Killed from afar by a crystal guardian

Illustrated notes

Levels and vault maps discovered:
D:        the_violet_keep_of_menkaure [sprint2_stairs_cluster_1,
          sprint2_shoproom, sprint2_temple, sprint2_basic_supplies,
          sprint2_obstacle_6, sprint2_obstacle_1, sprint2_obstacle_7,
          sprint2_obstacle_5, sprint2_obstacle_4, sprint2_timed_cluster_1,
          sprint2_smallroom_cluster_1, sprint2_smallroom_final_cluster_1,
          sprint2_transparent_cluster_1, sprint2_second_timed_cluster_1,
          sprint2_sniper_area_1, sprint2_heavy_combat_area_1,
          sprint2_mutation_trap_area_1, sprint2_forest_area_1,
          sprint2_light_combat_area_1, sprint2_behind_water_1,
          sprint2_near_end_vault_1]

Skill      XL: |  1  2  3  4  5  6  7  8 |
---------------+-------------------------+-----
Fighting       | 5 6 7 9 10 | 10.1
Maces & Flails | 3 4 6 9 11 14 | 14.4
Armour         | 5 6 7 8 9 10 | 10.5
Shields        | 5 6 |  6.3
Dodging        | 1 2 |  2.3

Action                     |  1- 3 |  4- 6 |  7- 9 || total
---------------------------+-------+-------+-------++-------
  Melee: Flail             |     6 |    24 |    35 ||    65
         Mace              |       |       |    31 ||    31
 Invoke: Berserk           |       |       |     1 ||     1
    Use: Potion            |     1 |       |       ||     1
 Armour: Scale mail        |     4 |     6 |    11 ||    21
         Chain mail        |       |       |    14 ||    14
  Dodge: Dodged            |     1 |     3 |    18 ||    22
  Block: Buckler           |       |     7 |    14 ||    21

Table legend: (Time is in decaauts)
 A = Elapsed time spent in this place.
 B = Non-inter-level travel time spent in this place.
 C = Inter-level travel time spent in this place.
 D = Time resting spent in this place.
 E = Time spent auto-exploring this place.
 F = Levels seen in this place.
 G = Mean time per level.
                   A        B        C        D        E       F      G
               +--------+--------+--------+--------+--------+-----+--------+
         Total |    403 |    403 |      0 |      0 |     66 |   1 |  403.0 |
       Dungeon |    403 |    403 |      0 |      0 |     66 |   1 |  403.0 |
               +--------+--------+--------+--------+--------+-----+--------+

Top non-repeatable levels by time:
       D: 403 daAuts
